 Dungeon Crawl Stone Soup version 0.20-a0-16-g0876c8e (webtiles) character file.

53214 Khazard the Slicer (level 14, 0/77 HPs)
             Began as a Vine Stalker Monk on Nov 3, 2016.
             Was a High Priest of the Shining One.
             Killed from afar by a catoblepas (9 damage)
             ... with a blast of calcifying dust
             ... on level 6 of the Lair of Beasts.
             The game lasted 00:29:19 (18323 turns).

Khazard the Slicer (Vine Stalker Monk)             Turns: 18323, Time: 00:29:20

Health: 0/77       AC: 10    Str: 19    XL:     14   Next: 67%
Magic:  0/20       EV: 20    Int: 19    God:    the Shining One [*****.]
Gold:   726        SH:  3    Dex: 24    Spells: 2 memorised, 10 levels left

rFire  . . .     SeeInvis .     b - +1 quick blade "Cigasef" {pierce, rC+}
rCold  + . .     Gourm    .     R - +0 troll leather armour
rNeg   + + .     Faith    .     (no shield)
rPois  .         Spirit   +     s - +0 helmet
rElec  .         Reflect  +     v - +1 cloak
rCorr  .         Harm     .     C - +0 pair of gloves
MR     +....                    (no boots)
Stlth  ++........               G - amulet of Kaceph {Reflect Str+2 Int+9 SH+3 Stlth+}
                                W - +5 ring of dexterity
                                (no ring)

@: about to teleport, glowing
A: fangs 3, hooves 1, regeneration 2, magic shield, antimagic bite, no device
heal 3, rot immunity
a: Divine Shield, Cleansing Flame, Summon Divine Warrior, Renounce Religion


You were on level 6 of the Lair of Beasts.
You worshipped the Shining One.
The Shining One was extremely pleased with you.
You were not hungry.

You visited 3 branches of the dungeon, and saw 20 of its levels.
You visited 1 bazaar.
You also visited: Ice Cave.

You collected 1234 gold pieces.
You spent 508 gold pieces at shops.

Inventory:

Hand Weapons
 a - the +11 short sword "Hiplour" {freeze, Int+7}
   (You bought it in a shop on level 5 of the Dungeon)

   It has been specially enchanted to freeze those struck by it, causing extra
   injury to most foes and up to half again as much damage against particularly
   susceptible opponents.
   It can also slow down cold-blooded creatures.
   It affects your intelligence (+7).
 b - the +1 quick blade "Cigasef" (weapon) {pierce, rC+}
   (You acquired it on level 10 of the Dungeon)

   It inflicts extra damage upon your enemies.
   It protects you from cold.
 c - the +5 morningstar of Acrueh {speed, rElec MP+9}
   (You found it on level 10 of the Dungeon)

   Attacks with this weapon are significantly faster.
   It insulates you from electricity.
   It affects your magic capacity (+9).
 X - the +0 quick blade of Exquisite Torment {pierce, MR+ Int+2 SInv}
   (You acquired it on level 10 of the Dungeon)

   It inflicts extra damage upon your enemies.
   It affects your intelligence (+2).
   It affects your resistance to hostile enchantments.
   It lets you see invisible.
Armour
 f - a +3 ring mail of fire resistance
 s - a +0 helmet (worn)
 v - a +1 cloak (worn)
 y - the +3 scale mail of Ponudir {Int+4}
   (You found it on level 2 of the Lair of Beasts)

   It affects your intelligence (+4).
 C - a +0 pair of gloves (worn)
 R - a +0 troll leather armour (worn)
Jewellery
 t - an uncursed ring of fire
 G - the amulet of Kaceph (around neck) {Reflect Str+2 Int+9 SH+3 Stlth+}
   (You found it in an ice cave)

   [amulet of reflection]

   It shields you and reflects attacks.
   It affects your strength (+2).
   It affects your intelligence (+9).
   It affects your SH (+3).
   It makes you more stealthy.
 W - a +5 ring of dexterity (right hand)
Wands
 Q - a wand of flame (9/48)
 S - a wand of slowing (15/48)
 V - a wand of polymorph (6/24)
 Y - a wand of iceblast (5/15)
Scrolls
 d - a scroll of acquirement
 g - a scroll of blinking
 i - 3 scrolls of amnesia
 j - a scroll of immolation
 l - 2 scrolls of fear
 m - 2 scrolls of enchant weapon
 o - 2 scrolls of enchant armour
 w - 6 scrolls of teleportation
 B - 3 scrolls of magic mapping
 L - a scroll of identify
 U - 2 scrolls of fog
Potions
 e - 6 potions of heal wounds
 h - 4 potions of brilliance
 r - a potion of cancellation
 x - 3 potions of magic
 A - a potion of agility
 F - 2 potions of resistance
 H - 4 potions of lignification
 M - a potion of cure mutation
 N - 5 potions of curing
 O - 5 potions of flight
 P - 5 potions of ambrosia
Books
 n - a book of Minor Magic

   Spells                             Type                      Level
   a - Magic Dart                     Conjuration                  1
   b - Blink                          Translocation                2
   c - Call Imp                       Summoning                    2
   d - Repel Missiles                 Charms/Air                   2
   e - Slow                           Hexes                        2
   f - Conjure Flame                  Conjuration/Fire             3
   g - Mephitic Cloud                 Conjuration/Poison/Air       3
 u - the Compendium of Fire and Clay
   (You found it in an ice cave)

   Spells                             Type                      Level
   a - Flame Tongue                   Conjuration/Fire             1
   b - Sandblast                      Earth                        1
   c - Passwall                       Transmutation/Earth          2
   d - Statue Form                    Transmutation/Earth          6
 E - a book of Cantrips

   Spells                             Type                      Level
   a - Confusing Touch                Hexes                        1
   b - Animate Skeleton               Necromancy                   1
   c - Summon Small Mammal            Summoning                    1
   d - Apportation                    Translocation                1
 I - a book of Maledictions

   Spells                             Type                      Level
   a - Corona                         Hexes                        1
   b - Ensorcelled Hibernation        Hexes/Ice                    2
   c - Confuse                        Hexes                        3
   d - Tukima's Dance                 Hexes                        3
   e - Dazzling Spray                 Conjuration/Hexes            3
 J - a book of Ice

   Spells                             Type                      Level
   a - Ice Form                       Ice/Transmutation            4
   b - Metabolic Englaciation         Hexes/Ice                    5
   c - Ozocubu's Refrigeration        Ice                          6
   d - Bolt of Cold                   Conjuration/Ice              6
   e - Freezing Cloud                 Conjuration/Ice/Air          6
   f - Simulacrum                     Ice/Necromancy               6
 K - a book of Conjurations

   Spells                             Type                      Level
   a - Magic Dart                     Conjuration                  1
   b - Searing Ray                    Conjuration                  2
   c - Dazzling Spray                 Conjuration/Hexes            3
   d - Fulminant Prism                Conjuration/Hexes            4
   e - Iskenderun's Mystic Blast      Conjuration                  4
   f - Iskenderun's Battlesphere      Conjuration/Charms           5
Miscellaneous
 q - a fan of gales
Comestibles
 k - 6 meat rations
 p - 14 royal jellies
 D - 33 fruits
 T - 8 bread rations
 Z - 4 beef jerkies


   Skills:
 - Level 10.6 Fighting
 - Level 13.5 Short Blades
 * Level 4.5 Maces & Flails
 - Level 7.0 Armour
 - Level 9.0 Dodging
 - Level 2.4 Stealth
 - Level 7.2 Invocations
 - Level 7.1 Evocations


You had 10 spell levels left.
You knew the following spells:

 Your Spells              Type           Power        Failure   Level  Hunger
k - Repel Missiles        Chrm/Air       #.....       34%         2    ###....
A - Apportation           Tloc           #.........   24%         1    ##.....


Dungeon Overview and Level Annotations

Branches:
Dungeon (13/15)            Temple (1/1) D:7            Lair (6/6) D:9
 Shoals (0/4) Lair:3        Snake (0/4) Lair:4        Slime (0/5) Lair:6
    Orc (0/2) D:11
 Vaults: D:13-14

Altars:
Cheibriados
Dithmenos
Elyvilon
Gozag
Hepliaklqana
Kikubaaqudgha
Makhleb
Nemelex Xobeh
Okawaru
Qazlal
Ru
Sif Muna
Trog
Vehumet
Xom
Yredelemnul
Zin
The Shining One

Shops:
D:5 (   D:7 ([(   D:11 (   D:13 ?


Innate Abilities, Weirdness & Mutations

You have razor-sharp teeth.
You heal very quickly.
When hurt, damage is shared between your health and your magic reserves.
Your bite disrupts and absorbs the magic of your enemies.
Potions and wands cannot restore your health.
You are immune to rotting.
You have large cloven feet.


Message History

The blast of calcifying dust hits the plant.
The blast of calcifying dust hits you!
* * * LOW HITPOINT WARNING * * *
A polar bear comes into view.
Unknown command.
The plant is engulfed in calcifying dust. x2
As you read the scroll of teleportation, it crumbles to dust.
You feel strangely unstable.
The plant is engulfed in calcifying dust.
The plant turns to stone!
The polar bear growls angrily.
The plant is engulfed in calcifying dust.
The polar bear bites you!
* * * LOW HITPOINT WARNING * * *
The polar bear claws you but does no damage.
The polar bear closely misses you.
The plant is engulfed in calcifying dust.
The catoblepas breathes a plume of calcifying dust at you.
The blast of calcifying dust hits you!
You die...

<...#..P.....#...###
....>.......####.##
#####..########...#
.## ####....##....#
..### ..P..##P###
.÷.. ......### P..#
...h...## .###
.P......## ## ♣h.@.#
# ..###.§§## #
.8...#.YP.#
...8.##..§#
.T..÷.#..T# #
#....##P.# #
##....##.# ##
#......#.# .###
.#.....÷..##


You could see a catoblepas and 2 polar bears.

Vanquished Creatures
  Gastronok (Lair:1)
  A frost giant (IceCv)
  Harold (D:12)
  3 hydras
  Erolcha (D:9)
  9 death yaks
  The ghost of Scytalen the Carver, a novice FoFi of Hepliaklqana (D:9)
  An unseen horror (D:12)
  4 hill giants
  An ugly thing (D:13)
  2 cyclopes
  A siren (Lair:3)
  4 elephants
  A centaur zombie (D:13)
  4 black mambas
  An ice statue (IceCv)
  A gargoyle (D:13)
  A torpor snail (Lair:2)
  7 spiny frogs
  4 komodo dragons
  2 kobold demonologists (D:11)
  4 rime drakes
  A queen bee (Lair:5)
  3 trolls
  15 polar bears
  A two-headed ogre (D:11)
  3 meliai (Lair:5)
  4 slime creatures (D:12)
  6 blink frogs
  4 dream sheep (Lair:2)
  4 hippogriffs
  42 yaks
  Sigmund (D:6)
  A spriggan (Lair:2)
  A wyvern (Lair:3)
  3 hungry ghosts
  2 basilisks
  Edmund (D:6)
  A mottled dragon (D:13)
  5 nagas (Lair:4)
  10 water moccasins
  5 porcupines
  3 orc warriors
  3 ice beasts
  2 eyes of draining
  2 necrophages
  A black bear (Lair:2)
  3 sky beasts
  11 ogres
  3 phantoms
  8 crocodiles
  25 wolves
  11 centaurs
  2 big kobolds
  9 bullfrogs
  A wyvern skeleton (D:7)
  A water moccasin skeleton (D:8)
  3 scorpions
  29 killer bees
  8 wights
  5 howler monkeys
  2 electric eels (D:9)
  2 crimson imps
  2 bullfrog zombies (D:5)
  A gnoll shaman (D:7)
  4 jellies
  3 bullfrog skeletons
  4 orc priests
  8 hounds
  16 orc wizards
  Crazy Yiuf (D:5)
  3 centaur skeletons
  4 iguanas
  12 worker ants
  A howler monkey zombie (D:11)
  12 gnolls
  8 adders
  2 shadow imps
  4 oozes
  2 adder zombies (D:7)
  3 adder skeletons
  A worm (D:2)
  A dart slug (D:3)
  3 leopard geckos
  37 orcs
  7 bats
  5 giant cockroaches
  12 goblins
  7 hobgoblins
  8 jackals
  9 kobolds
  6 quokkas
  2 ball pythons (D:1)
  5 frilled lizards
  A jackal skeleton (D:4)
  2 quokka skeletons
  7 rats
  A fungus (D:5)
506 creatures vanquished.

Vanquished Creatures (others)
  2 polar bears (IceCv)
  A two-headed ogre (D:12)
  3 wolves (IceCv)
  A jackal (D:9)
  8 fungi
  5 plants (Lair:6)
20 creatures vanquished.

Grand Total: 526 creatures vanquished

Notes
Turn   | Place    | Note
-------+----------+-------------------------------------------
     0 | D:1      | Khazard the Vine Stalker Monk began the quest for the Orb.
     0 | D:1      | Reached XP level 1. HP: 11/11 MP: 2/2
    49 | D:1      | Reached skill level 3 in Short Blades
   228 | D:1      | Reached XP level 2. HP: 14/16 MP: 3/3
   741 | D:1      | Reached XP level 3. HP: 19/19 MP: 4/4
   927 | D:2      | Found a radiant altar of Vehumet.
   962 | D:2      | Reached skill level 4 in Short Blades
  1359 | D:2      | Gained mutation: Your natural rate of healing is unusually fast. [Vine Stalker growth]
  1359 | D:2      | Reached XP level 4. HP: 23/23 MP: 5/5
  1915 | D:3      | Found a white marble altar of Elyvilon.
  1985 | D:3      | Found an iron altar of Okawaru.
  2104 | D:3      | Reached skill level 5 in Short Blades
  2210 | D:3      | Reached XP level 5. HP: 27/27 MP: 6/6
  2780 | D:4      | Reached XP level 6. HP: 14/32 MP: 7/7
  2838 | D:3      | Reached skill level 6 in Short Blades
  3478 | D:4      | Reached XP level 7. HP: 35/35 MP: 8/8
  3628 | D:4      | Reached skill level 7 in Short Blades
  3745 | D:5      | Entered Level 5 of the Dungeon
  3783 | D:5      | Found Yseur's Antique Weapon Shop.
  4044 | D:5      | Reached skill level 8 in Short Blades
  4093 | D:5      | Found a runed door.
  4101 | D:5      | Noticed Crazy Yiuf
  4108 | D:5      | Killed Crazy Yiuf
  4219 | D:5      | Gained mutation: You have razor-sharp teeth. [Vine Stalker growth]
  4219 | D:5      | Reached XP level 8. HP: 38/39 MP: 9/9
  4239 | D:5      | Found a shadowy altar of Dithmenos.
  4239 | D:5      | Found a snail-covered altar of Cheibriados.
  4240 | D:5      | Found a basalt altar of Yredelemnul.
  4240 | D:5      | Found a bloodstained altar of Trog.
  4662 | D:6      | Reached skill level 9 in Short Blades
  4803 | D:6      | Found a deep blue altar of Sif Muna.
  4810 | D:6      | Noticed Sigmund
  4818 | D:6      | Killed Sigmund
  4818 | D:6      | Reached skill level 1 in Evocations
  4833 | D:6      | Noticed Edmund
  4874 | D:6      | Killed Edmund
  5081 | D:6      | Reached XP level 9. HP: 33/43 MP: 12/12
  5445 | D:7      | Found a staircase to the Ecumenical Temple.
  5605 | Temple   | Entered the Ecumenical Temple
  5743 | Temple   | Became a worshipper of the Shining One
  5743 | Temple   | Reached * piety under the Shining One
  5743 | Temple   | Reached ** piety under the Shining One
  5887 | D:7      | Found Zeanoejy's Armour Boutique.
  5900 | D:7      | Reached skill level 10 in Short Blades
  5901 | D:7      | Found Ziucijee's Weapon Boutique.
  5934 | D:7      | Noticed a hill giant
  5993 | D:7      | Killed a hill giant
  6293 | D:5      | Bought a polished short sword for 256 gold pieces
  6293 | D:5      | Identified the +11 short sword "Hiplour" {freeze, Int+7} (You bought it in a shop on level 5 of the Dungeon)
  6432 | D:7      | Reached skill level 5 in Evocations
  6441 | D:7      | Found a stormy altar of Qazlal.
  6465 | D:7      | Found Etein's Weapon Emporium.
  6875 | D:8      | Reached XP level 10. HP: 37/47 MP: 12/15
  7033 | D:8      | Reached skill level 11 in Short Blades
  7508 | D:9      | Noticed Erolcha
  7517 | D:9      | Killed Erolcha
  7575 | D:9      | Found an ancient bone altar of Kikubaaqudgha.
  7686 | D:9      | Reached *** piety under the Shining One
  7794 | D:9      | Found a staircase to the Lair.
  7829 | D:9      | Reached skill level 5 in Dodging
  7948 | D:9      | Noticed Scytalen's ghost (novice FoFi)
  7987 | D:9      | Killed Scytalen's ghost
  8353 | D:9      | Reached XP level 11. HP: 37/51 MP: 12/17
  8356 | D:9      | Found a glowing silver altar of Zin.
  8736 | D:9      | Reached skill level 5 in Invocations
  8782 | D:10     | Entered Level 10 of the Dungeon
  8817 | D:10     | Got a crystal morningstar
  8818 | D:10     | Identified the +5 morningstar of Acrueh {speed, rElec MP+9} (You found it on level 10 of the Dungeon)
  8852 | D:10     | Reached **** piety under the Shining One
  9153 | D:10     | Identified a scroll of acquirement
  9154 | D:10     | Got a shimmering quick blade
  9155 | D:10     | Identified the +1 quick blade "Cigasef" {pierce, rC+} (You acquired it on level 10 of the Dungeon)
  9156 | D:10     | fuck lmao
  9180 | D:10     | Got a steaming quick blade
  9181 | D:10     | Identified the +0 quick blade of Exquisite Torment {pierce, MR+ Int+2 SInv} (You acquired it on level 10 of the Dungeon)
  9182 | D:10     | L0L FUCK
  9540 | D:10     | Noticed a hill giant
  9546 | D:10     | Killed a hill giant
  9546 | D:10     | Reached skill level 12 in Short Blades
  9556 | D:11     | Found Zusenoy's Antique Weapon Shoppe.
  9556 | D:11     | Found a staircase to the Orcish Mines.
  9743 | D:11     | Reached skill level 1 in Armour
  9862 | D:11     | Noticed a cyclops
  9870 | D:11     | Killed a cyclops
  9876 | D:11     | Noticed a hill giant
  9886 | D:11     | Killed a hill giant
 10332 | D:12     | Found a flickering gateway to a bazaar.
 10342 | Bazaar   | Entered a bazaar
 10346 | Bazaar   | Found Nano's Book Shop.
 10373 | Bazaar   | Found Lunnox's Assorted Antiques.
 10387 | Bazaar   | Found Eretzih's Food Boutique.
 10404 | Bazaar   | Found Waixt's Antique Armour Shop.
 10498 | Bazaar   | Bought a spiked scale mail for 252 gold pieces
 10508 | Bazaar   | Identified the cursed +0 scale mail of the Armoured One {MR- SInv Stlth+} (You bought it in a shop in a bazaar)
 10508 | Bazaar   | FUCK
 10612 | D:12     | Noticed Harold
 10643 | D:12     | Killed Harold
 10760 | D:12     | Gained mutation: You heal very quickly. [Vine Stalker growth]
 10760 | D:12     | Reached XP level 12. HP: 58/59 MP: 18/18
 10807 | D:12     | Reached skill level 5 in Fighting
 10837 | D:12     | Gained mutation: You have a pair of small antennae on your head. [potion of mutation]
 10837 | D:12     | Gained mutation: Your magical capacity is low. (-10% MP) [potion of mutation]
 10837 | D:12     | Gained mutation: You have large cloven feet. [potion of mutation]
 10838 | D:12     | Gained mutation: Your mind is acute. (Int +2) [potion of beneficial mutation]
 10839 | D:12     | Lost mutation: Your mind is acute. (Int +2) [potion of cure mutation]
 10839 | D:12     | Lost mutation: Your magical capacity is low. (-10% MP) [potion of cure mutation]
 10839 | D:12     | Lost mutation: You have a pair of small antennae on your head. [potion of cure mutation]
 11092 | D:13     | Noticed an eight-headed hydra
 11108 | D:13     | Killed an eight-headed hydra
 11108 | D:13     | Reached skill level 13 in Short Blades
 11116 | D:13     | Found Ickud's Magic Scroll Emporium.
 11138 | D:13     | Noticed an eight-headed hydra
 11141 | D:13     | Killed an eight-headed hydra
 11205 | D:13     | Learned a level 2 spell: Repel Missiles
 11711 | D:9      | Reached ***** piety under the Shining One
 11724 | Lair:1   | Entered Level 1 of the Lair of Beasts
 11726 | Lair:1   | Noticed Gastronok
 11745 | Lair:1   | Killed Gastronok
 11828 | Lair:1   | Learned a level 1 spell: Apportation
 12588 | Lair:2   | Reached XP level 13. HP: 66/67 MP: 19/19
 12595 | Lair:2   | Got a fine scale mail
 12606 | Lair:2   | Identified the +3 scale mail of Ponudir {Int+4} (You found it on level 2 of the Lair of Beasts)
 12606 | Lair:2   | eh
 13037 | Lair:2   | Reached skill level 5 in Armour
 14032 | Lair:3   | Found a staircase to the Shoals.
 14533 | Lair:4   | Found a frozen archway.
 14551 | IceCv    | Entered an ice cave
 15396 | IceCv    | Noticed a frost giant
 15806 | IceCv    | Killed a frost giant
 15824 | IceCv    | Got a coiled silver amulet
 15825 | IceCv    | Identified the amulet of Kaceph {Reflect Str+2 Int+9 SH+3 Stlth+} (You found it in an ice cave)
 15826 | IceCv    | DAMN
 15828 | IceCv    | Identified the Compendium of Fire and Clay
 15929 | Lair:4   | Found a staircase to the Snake Pit.
 16970 | Lair:5   | Reached XP level 14. HP: 72/76 MP: 20/20
 17173 | Lair:5   | Reached skill level 10 in Fighting
 17767 | Lair:6   | Entered Level 6 of the Lair of Beasts
 17982 | Lair:6   | Found a staircase to the Slime Pits.
 17986 | Lair:6   | Reached skill level 1 in Maces & Flails
 18323 | Lair:6   | Killed from afar by a catoblepas

Vault maps used:
D:1:      erik_arrival_cave_to_civilisation, chequers_big_river
D:2:      vehumet_crystals
D:3:      okawaru_altar_gauntlet_db, nicolae_overflow_crystal_walls,
          serial_glass, glass_columns_a, glass_columns_c
D:5:      grunt_temple_overflow_open, first_bread, serial_shops,
          kennysheep_mini, uniq_crazy_yiuf_cottage
D:6:      kennysheep_little_box, corexii_hall_statues_i, uniq_edmund,
          uniq_sigmund
D:7:      nicolae_qazlal_eye_of_the_storm, serial_shops, shop, shop,
          nicolae_shop_crystal
D:9:      marbit_many_paths, erik_lair_island, basic_altar, blue_anna_alchemist,
          uniq_erolcha
D:11:     orc_0_dummy, serial_shops, shop, minmay_misc_feat_columns
D:12:     serial_shops, bzr_firewalk, uniq_harold
D:13:     serial_shops, kennysheep_mini_moat
Temple:   minmay_temple_curvy_loop
Lair:1:   grunt_megastairs_2, uniq_gastronok
Lair:2:   grunt_forest_stairs_clearing
Lair:3:   minmay_shoals_entry_lonely_mermaid, minivault_24,
          infiniplex_staircase_pool_2
Lair:4:   minmay_snake_entry_guardpost_medium, portal_ice_cave_rime,
          serial_bayou_shore_b
Lair:5:   special_room, beast_lair_carwin_2
Lair:6:   grunt_lair_end_beastmaster, slime_dummy
Bazaar:   bazaar_jpeg_ninerooms_5
IceCv:    ice_cave_caverns_03

Skill      XL: |  1  2  3  4  5  6  7  8  9 10 11 12 13 14 |
---------------+-------------------------------------------+-----
Short Blades   | 3 4 5 6 8 9 10 11 12 13 | 13.5
Evocations     | 2 5 7 |  7.1
Dodging        | 3 4 5 6 7 8 9 |  9.0
Invocations    | 4 5 6 7 |  7.2
Fighting       | 4 7 9 10 | 10.6
Armour         | 2 4 6 7 |  7.0
Maces & Flails | 4 |  4.5
Stealth        | |  2.4

Action                   |  1- 3 |  4- 6 |  7- 9 | 10-12 | 13-15 || total
-------------------------+-------+-------+-------+-------+-------++-------
Melee: Short sword       |    82 |    39 |    32 |   558 |   500 ||  1211
       Bite              |    15 |    52 |   126 |   208 |   299 ||   700
       Rapier            |       |   177 |   330 |       |       ||   507
       Quick blade       |       |       |       |     5 |    33 ||    38
       Kick              |       |       |       |    74 |   294 ||   368
       Morningstar       |       |       |       |       |    93 ||    93
 Cast: Repel Missiles    |       |       |       |     2 |     1 ||     3
Invok: Divine Shield     |       |       |       |     1 |       ||     1
Evoke: Wand              |       |       |     2 |     3 |       ||     5
       Fan of gales      |       |       |       |       |     1 ||     1
  Use: Potion            |     2 |       |     3 |     7 |     5 ||    17
       Scroll            |     1 |       |     4 |    15 |     9 ||    29
 Stab: Sleeping          |     5 |     5 |     3 |     1 |     2 ||    16
       Petrified         |       |       |       |       |    12 ||    12
       Petrifying        |       |       |       |       |     2 ||     2
       Distracted        |       |       |       |       |     1 ||     1
  Eat: Chunk             |     1 |     7 |     3 |       |     1 ||    12
       Bread ration      |       |       |     2 |     3 |       ||     5
       Beef jerky        |       |       |       |     2 |       ||     2
       Meat ration       |       |       |       |     2 |     4 ||     6
       Fruit             |       |       |       |       |     1 ||     1
Armor: Robe              |    14 |    33 |    40 |    16 |       ||   103
       Chain mail        |       |    18 |       |       |       ||    18
       Troll leather arm |       |       |       |    37 |    37 ||    74
       Ring mail         |       |       |       |    23 |    69 ||    92
Dodge: Dodged            |    51 |   133 |   171 |   230 |   353 ||   938
       Deflected         |       |       |       |     2 |     3 ||     5
Block: Other             |       |       |       |     6 |    18 ||    24
